 Dungeon Crawl Stone Soup version 0.27.1-34-g3ba077fa99 (webtiles) character file.

Game seed: 1884820775930604976

399 cbfl8 the Sneak (level 6, -6/53 HPs)
             Began as a Minotaur Delver on Jan 16, 2022.
             Was a Follower of Yredelemnul.
             Killed from afar by a white imp (12 damage)
             ... with a puff of frost
             ... on level 5 of the Dungeon.
             The game lasted 00:20:01 (7099 turns).

cbfl8 the Sneak (Minotaur Delver)                   Turns: 7099, Time: 00:20:01

Health: -6/53      AC:  5    Str: 17    XL:     6   Next: 54%
Magic:  5/5        EV:  9    Int: 15    God:    Yredelemnul [*.....]
Gold:   258        SH:  8    Dex: 11    Spells: 5/5 levels left

rFire    . . .     SeeInvis .   j - +1 whip (pain)
rCold    . . .     Faith    .   l - +0 kite shield
rNeg     . . .     Spirit   .   m - +0 ring mail
rPois    .         Reflect  .   (helmet restricted)
rElec    .         Harm     .   (no cloak)
rCorr    .         Rampage  .   (no gloves)
Will     .....                  (no boots)
Stlth    ++........             (no amulet)
HPRegen  0.17/turn              s - +6 ring of intelligence
MPRegen  0.09/turn              (no ring)

@: flying, very slightly contaminated, invisible
A: horns 2, retaliatory headbutt
a: Renounce Religion, Animate Remains


You were on level 5 of the Dungeon.
You worshipped Yredelemnul.
Yredelemnul was aware of your devotion.
You visited 2 branches of the dungeon, and saw 6 of its levels.

You collected 297 gold pieces.
You spent 39 gold pieces at shops.

Inventory:

Hand Weapons
 a - a +0 hand axe
 j - a +1 whip of pain (weapon)
 u - a +0 dagger of draining
Armour
 b - a +0 leather armour
 l - a +0 kite shield (worn)
 m - a +0 ring mail (worn)
 n - a +0 helmet
Jewellery
 s - a +6 ring of intelligence (left hand)
Wands
 g - a wand of digging (3)
Scrolls
 d - a scroll of enchant weapon
 e - a scroll of fear
 k - a scroll of identify {unknown}
Potions
 c - a potion of brilliance {unknown}
 i - a potion of haste


   Skills:
 + Level 4.4 Fighting
 + Level 2.7(3.5) Axes
 + Level 3.3(3.8) Maces & Flails
 + Level 3.7 Armour
 + Level 3.0 Dodging
 + Level 5.1 Stealth
 + Level 2.1 Shields
 + Level 0.6 Invocations


You had 5 spell levels left.
You didn't know any spells.
Your spell library contained the following spells:

 Spells                   Type           Power      Damage    Failure   Level
 Ignite Poison            Fire/Tmut/Pois 0%         N/A       100%        3
 Mephitic Cloud           Conj/Pois/Air  0%         N/A       100%        3
 Bolt of Magma            Conj/Fire/Erth 0%         4d4       100%        5


Dungeon Overview and Level Annotations

Branches:
Dungeon (5/15)             Temple (1/1) D:5

Altars:
Cheibriados
Dithmenos
Elyvilon
Fedhas
Gozag
Hepliaklqana
Kikubaaqudgha
Makhleb
Nemelex Xobeh
Okawaru
Ru
Sif Muna
Trog
Uskayaw
Vehumet
Wu Jian
Xom
Yredelemnul
Zin
The Shining One

Shops:
D:1 *!*!=   D:3 =?

Annotations:
D:5 Duvessa


Innate Abilities, Weirdness & Mutations

You have a pair of horns on your head.
You reflexively headbutt those who attack you in melee.


Message History

The iguana closely misses you. The white imp barely misses you.
You hit the iguana.
The iguana is almost dead.
The iguana closely misses you.
The white imp hits you but does no damage.
You hit the iguana but do no damage.
The iguana is almost dead.
The iguana barely misses you. The white imp hits you.
* * * LOW HITPOINT WARNING * * *
The white imp freezes you.
* * * LOW HITPOINT WARNING * * *
Your ring mail prevents you from hitting the iguana.
The iguana is almost dead.
The iguana closely misses you. You furiously retaliate!
You headbutt the iguana.
You kill the iguana!
Yredelemnul accepts your kill. The white imp barely misses you.
Your Maces & Flails skill increases to level 3!
Unknown command.
As you read the scroll labelled IMPYDU QAXAX, it crumbles to dust.
It is a scroll of enchant weapon.
Your +0 whip of pain glows red for a moment.
The white imp gestures at you. The puff of frost hits you.
* * * LOW HITPOINT WARNING * * *
There is an open door, spattered with blood here.
You closely miss the white imp. You headbutt the white imp.
The white imp is heavily wounded.
The white imp hits you.
* * * LOW HITPOINT WARNING * * *
The white imp freezes you.
* * * LOW HITPOINT WARNING * * *
There's a creature in the doorway!
You hit the white imp.
The white imp is almost dead.
The white imp gestures at you. The puff of frost hits you!
You die...
Your body rises from the dead as a mindless zombie.

.##.>...# ##.......## **,**,*
.###....####)......<.###*,,,*,*
...........+.........'..,,,,,,*
.###....####.........#***,,,*,*
.###.#..# *#.......#* **,**,*
........# *#.....#* ****,*
####.#### ##...## *,* #.# ##5##
*,* #.# #@# *,* #.# ####.# *,*
#.# #....### *,* ####.####
##......# *,*
#.......####.......# *,*
#.##.##.##.........#######***,*
#,*#......................,,,,*
*,*####.##.........#######*****
*,****#.####.....#.#


You could see a white imp.

Vanquished Creatures
  A scorpion (D:5)
  A bullfrog zombie (D:5)
  A hound (D:3)
  A bullfrog skeleton (D:4)
  A centaur zombie (D:5)
  2 iguanas (D:5)
  A hound zombie (D:5)
  2 adders
  An adder skeleton (D:4)
  5 dart slugs
  9 endoplasms
  A giant cockroach (D:4)
  5 goblins
  2 hobgoblins
  A quokka (D:1)
  6 ball pythons
  2 frilled lizards (D:1)
  7 kobolds
  3 rats (D:1)
52 creatures vanquished.

Vanquished Creatures (collateral kills)
  A scorpion (D:4)
  A hound (D:4)
  An adder (D:4)
  An endoplasm (D:4)
4 creatures vanquished.

Vanquished Creatures (others)
  An adder zombie (D:4)
1 creature vanquished.

Grand Total: 57 creatures vanquished

Notes
Turn   | Place    | Note
-------+----------+-------------------------------------------
     0 | D:5      | cbfl8 the Minotaur Delver began the quest for the Orb.
     0 | D:5      | Reached XP level 1. HP: 19/19 MP: 0/0
    12 | D:5      | Found a staircase to the Ecumenical Temple.
    23 | Temple   | Entered the Ecumenical Temple
   181 | Temple   | Became a worshipper of Yredelemnul the Dark
   304 | D:4      | Noticed a hound
   449 | D:5      | Noticed an iguana
   449 | D:5      | Noticed an iguana
   484 | D:5      | Reached XP level 2. HP: 20/27 MP: 1/1
   484 | D:5      | Reached XP level 3. HP: 24/33 MP: 2/2
   705 | D:5      | Noticed Duvessa
  1058 | D:1      | Found Samupaem's Jewellery Emporium.
  1060 | D:1      | Found Hihiv's Distillery.
  1173 | D:1      | Found Ynalesh's Assorted Antiques.
  1181 | D:1      | Found Sigh's General Store.
  1196 | D:1      | Found Reymiy's Distillery.
  2526 | D:2      | Reached XP level 4. HP: 39/40 MP: 3/3
  2928 | D:2      | Reached skill level 1 in Maces & Flails
  3120 | D:3      | Reached skill level 1 in Armour
  3120 | D:3      | Reached skill level 5 in Stealth
  3478 | D:3      | Found a faded altar of an unknown god.
  3499 | D:3      | Reached skill level 1 in Shields
  3750 | D:3      | Found Tucechal's Jewellery Shop.
  4190 | D:3      | Found an iron altar of Okawaru.
  4879 | D:3      | Found Hetucw's Magic Scroll Shoppe.
  4905 | D:3      | Bought a scroll of teleportation for 39 gold pieces
  5139 | D:4      | Found a white marble altar of Elyvilon.
  5156 | D:4      | Reached XP level 5. HP: 28/46 MP: 4/4
  5518 | D:4      | Reached * piety under Yredelemnul
  5784 | D:4      | Found a burning altar of Makhleb.
  5792 | D:4      | Found a bloodstained altar of Trog.
  6219 | D:5      | Reached XP level 6. HP: 42/53 MP: 5/5
  6430 | D:5      | Noticed an ice beast
  7099 | D:5      | Killed from afar by a white imp

Illustrated notes

Levels and vault maps discovered:
D:1:      grunt_arrival_crossed_arrows, layout_rooms, serial_shops,
          nicolae_shop_competitors_out_of_business, shop_statue, shop, shop,
          shop_statue, wad_floor_pattern_untrapped
D:2:      layout_basic, minivault_27, kennysheep_generic_room_14
D:3:      layout_loops_corners, kennysheep_okawaru_gauntlet,
          ebering_ecumenical_altar_hall, serial_shops, nicolae_shop_trees, shop,
          patterned_corridor
D:4:      layout_basic, mainiacjoe_overflow_cross_hatched,
          chequers_temple_overflow_statue_of_worship
D:5:      layout_loops_corners, nicolae_qazlal_eye_of_the_storm,
          minmay_temple_entry_purple_smoke, uniq_duvessa, uniq_sigmund,
          uniq_ijyb
Temple:   compressed_dpeg_circular_temple

Skill      XL: |  1  2  3  4  5  6 |
---------------+-------------------+-----
Fighting       | 4 |  4.4
Maces & Flails | 1 2 3 |  3.3
Armour         | 2 3 |  3.7
Stealth        | 5 |  5.1
Shields        | 1 2 |  2.1
Dodging        | 3 |  3.0
Axes           | |  2.7
Invocations    | |  0.6

Action                   |  1- 3 |  4- 6 || total
-------------------------+-------+-------++-------
Melee: Hand axe          |    12 |       ||    12
       Headbutt          |    10 |    20 ||    30
       Whip              |    50 |   115 ||   165
Invok: Animate Remains   |       |     4 ||     4
  Use: Scroll            |     2 |     5 ||     7
       Potion            |     1 |     4 ||     5
 Stab: Sleeping          |     2 |     3 ||     5
Armor: Leather armour    |    10 |       ||    10
       Ring mail         |    23 |    42 ||    65
Dodge: Dodged            |    34 |    64 ||    98
Block: Kite shield       |    20 |    58 ||    78
